 Dungeon Crawl Stone Soup version 0.25-a0-737-g26c3a87c45 (webtiles) character file.

Game seed: 11912081562350166288, levelgen mode: deterministic

78 Astera the Skirmisher (level 4, -1/24 HPs)
             Began as a Vine Stalker Fighter on Apr 12, 2020.
             Was a Follower of Qazlal.
             Slain by Ijyb
             ... wielding a +0 dagger of electrocution
              (10 damage)
             ... on level 2 of the Dungeon.
             The game lasted 00:10:15 (1933 turns).

Astera the Skirmisher (Vine Stalker Fighter)        Turns: 1933, Time: 00:10:15

Health: -1/24      AC:  6    Str: 19    XL:     4   Next: 36%
Magic:  0/5        EV:  7    Int:  8    God:    Qazlal [*.....]
Gold:   158        SH: 11    Dex: 14    Spells: 3/3 levels left

rFire    . . .     SeeInvis .   a - +0 war axe
rCold    . . .     Gourm    .   c - +0 kite shield
rNeg     . . .     Faith    .   b - +0 scale mail
rPois    .         Spirit   +   (no helmet)
rElec    .         Reflect  .   (no cloak)
rCorr    .         Harm     .   (no gloves)
MR       .....                  (no boots)
Stlth    ..........             (no amulet)
HPRegen  0.48/turn              (no ring)
MPRegen  0.09/turn              (no ring)

@: no status effects
A: fangs 2, regeneration 1, magic shield, antimagic bite, no potion heal 3, rot
immunity
a: Renounce Religion


You were on level 2 of the Dungeon.
You worshipped Qazlal.
Qazlal was aware of your devotion.
You were hungry.

You visited 1 branch of the dungeon, and saw 3 of its levels.

You collected 158 gold pieces.

Inventory:

Hand Weapons
 a - a +0 war axe (weapon)
Missiles
 q - 5 boomerangs (quivered)
Armour
 b - a +0 scale mail (worn)
 c - a +0 kite shield (worn)
Jewellery
 n - an uncursed ring of protection from fire {unknown}
Scrolls
 e - a scroll of blinking {unknown}
 g - 9 scrolls of identify {unknown}
 h - a scroll of amnesia {unknown}
 i - 2 scrolls of noise {unknown}
 j - 2 scrolls of enchant armour {unknown}
 k - 4 scrolls of teleportation {unknown}
 m - a scroll of remove curse {unknown}
 o - 2 scrolls of fog {unknown}
Potions
 d - a potion of might
 l - a potion of curing
Comestibles
 f - 5 rations
 p - 2 chunks of flesh


   Skills:
 + Level 3.3 Fighting
 + Level 2.6 Axes
 + Level 2.7 Armour
 + Level 1.0 Stealth
 + Level 3.1 Shields


You had 3 spell levels left.
You didn't know any spells.
Your spell library was empty.

Dungeon Overview and Level Annotations

Branches:
Dungeon (3/15)

Altars:
Qazlal

Annotations:
D:2 Ijyb
D:3 Terence


Innate Abilities, Weirdness & Mutations

You have extremely sharp teeth.
Your natural rate of healing is unusually fast.
When hurt, damage is shared between your health and your magic reserves.
Your bite disrupts and absorbs the magic of your enemies.
Potions cannot restore your health.
You are immune to rotting.


Message History

Ijyb is moderately wounded.
You block Ijyb's attack. Ijyb screams, "Me kill you!" You block Ijyb's attack.
You slash Ijyb! Your bite misses Ijyb.
Ijyb is severely wounded.
Ijyb hits you with a +0 dagger of electrocution.
You hit Ijyb but do no damage. Your bite misses Ijyb.
Ijyb is severely wounded.
Ijyb hits you but does no damage.
Ijyb hits you with a +0 dagger of electrocution.
* * * LOW HITPOINT WARNING * * *
You hit Ijyb. You bite Ijyb, but do no damage.
Ijyb is severely wounded.
You block Ijyb's attack.
Some of the chunks of flesh in your inventory have rotted away.
You completely miss Ijyb. Your bite misses Ijyb.
Ijyb is severely wounded.
Ijyb hits you but does no damage.
You are electrocuted!
You die...

#.##...........#.......
#.##.....#......##.....
#####.##.....##.##..#.....(
#....)##..........>.....).รท
#.....##..#.##.............
#........##................
#.[..........##.##........#
#..[...####.##..##........#
#......###@g##.####.......#
#.......##.###.# #.#..#...
#######.##.###.# #....##..
#.....[...# ##..#.###.
#.........###.....# #.
#...............### #.
####.#.......#.## ##
#.#.##..###.# ###
#...###.#...# ##..


You could see Ijyb.

Vanquished Creatures
  2 adders (D:2)
  A worm (D:3)
  An orc (D:3)
  5 goblins
  11 hobgoblins
  8 jackals (D:1)
  7 kobolds
  2 quokkas
  6 bats
  3 frilled lizards (D:2)
  5 rats
51 creatures vanquished.

Notes
Turn   | Place    | Note
-------+----------+-------------------------------------------
     0 | D:1      | Astera the Vine Stalker Fighter began the quest for the
                  | Orb.
     0 | D:1      | Reached XP level 1. HP: 11/11 MP: 2/2
   127 | D:1      | Reached XP level 2. HP: 13/16 MP: 1/3
   384 | D:1      | Reached XP level 3. HP: 20/20 MP: 4/4
  1052 | D:2      | Found a faded altar of an unknown god.
  1067 | D:2      | Became a worshipper of Qazlal Stormbringer
  1067 | D:2      | Reached * piety under Qazlal
  1508 | D:2      | Gained mutation: Your natural rate of healing is unusually
                  | fast. [Vine Stalker growth]
  1508 | D:2      | Reached XP level 4. HP: 23/24 MP: 5/5
  1862 | D:3      | Noticed Terence
  1913 | D:3      | Noticed Ijyb
  1914 | D:3      | Reached skill level 1 in Stealth
  1933 | D:2      | Slain by Ijyb

Levels and vault maps discovered:
D:1:      nicolae_arrival_washed_ashore, layout_loops_ring, glass_columns_a
D:2:      layout_rooms, chequers_ecumenical_altar_island
D:3:      layout_basic, overflow_temple_1_default,
          nicolae_overflow_crystal_walls, uniq_terence, uniq_ijyb

Skill      XL: |  1  2  3  4 |
---------------+-------------+-----
Fighting       | 3 |  3.3
Axes           | 2 |  2.6
Shields        | 3 |  3.1
Stealth        | 1 |  1.0
Armour         | |  2.7

Action                   |  1- 3 |  4- 6 || total
-------------------------+-------+-------++-------
Melee: War axe           |   116 |    21 ||   137
       Bite              |    27 |     5 ||    32
Throw: Boomerang         |       |     5 ||     5
 Stab: Distracted        |     1 |       ||     1
  Eat: Chunk             |     2 |     1 ||     3
Armor: Scale mail        |    68 |     9 ||    77
Dodge: Dodged            |    46 |     3 ||    49
Block: Kite shield       |    71 |    13 ||    84

Table legend:
 A = Non-vault XP
 B = Vault XP
 C = Vault XP percentage of total XP
 D = Non-vault monster count
 E = Vault monster count
 F = Vault count percentage of total count
                 A         B        C        D         E       F
            +---------+---------+-------+---------+---------+-------
      Total |     112 |       0 |   0.0 |      51 |       0 |   0.0
            +---------+---------+-------+---------+---------+-------
        D:1 |      50 |       0 |   0.0 |      30 |       0 |   0.0
        D:2 |      45 |       0 |   0.0 |      14 |       0 |   0.0
        D:3 |      17 |       0 |   0.0 |       7 |       0 |   0.0
            +---------+---------+-------+---------+---------+-------
